[Event "fics rated crazyhouse match"]
[Site "fics, Oklahoma City, OK USA"]
[Date "2001.01.05"]
[White "RFrancisco"]
[WhiteElo "2400"]
[Black "sysco"]
[BlackElo "2220"]
[TimeControl "60+0"]
[Result "1-0"]

1. e4 d5 2. exd5 e6 3. Nc3 Nf6 4. d4 Bb4 5. Bd2 Bxc3 6. bxc3 
Nxd5 7. P@e4 O-O 8. exd5 exd5 9. Nf3 Re8+ 10. Be2 P@e4 11. Ne5 N@h4 
12. Rg1 P@f6 13. Nxf7 Kxf7 14. B@g4 Bxg4 15. Bxg4 B@d6 16. B@e6+ Rxe6 17. Bxe6+ 
Kxe6 18. Qg4+ N@f5 19. R@h5 B@g6 20. Rxh4 B@h5 21. Rxh5 Bxh5 22. Qxf5+ Kxf5 
23. N@e3+ Ke6 24. P@g4 Bxg4 25. Nxg4 P@f5 26. Ne3 Bxh2 27. N@h5 Q@f7 28. Rh1 
Qxh5 29. N@f4+ Bxf4 30. Rxh5 R@e2+ 31. Kxe2 N@g3+ 32. fxg3 P@d3+ 33. cxd3 N@g1+ 
34. Kf1 Bxe3 35. N@f8+ Qxf8 36. Q@d7+ Nxd7 37. R@f7 Qxf7 38. B@f3 
{sysco forfeits on time} 1-0

[Event "fics rated crazyhouse match"]
[Site "fics, Oklahoma City, OK USA"]
[Date "2000.01.06"]
[White "Thufir"]
[WhiteElo "2303"]
[Black "jtp"]
[BlackElo "2307"]
[TimeControl "60+0"]
[Result "1-0"]

1. e4 Nf6 2. Nc3 d5 3. exd5 Nxd5 4. d4 e6 5. P@e4 Nxc3 6. bxc3 
P@b4 7. cxb4 Bxb4+ 8. P@d2 Qxd4 9. N@b3 Qxe4+ 10. Be2 N@f4 11. Nf3 Nxg2+ 
12. Kf1 Nf4 13. Rg1 P@g2+ 14. Rxg2 Nxg2 15. d3 Qg4 16. Ng1 Qg6 17. P@h5 
Ne3+ 18. fxe3 P@g2+ 19. Kf2 Qf5+ 20. N@f3 R@e1 21. Kxg2 Rxd1 22. Bxd1 P@h3+ 
23. Nxh3 Qxh3+ 24. Kxh3 Q@f2 25. R@g2 e5+ 26. P@g4 Bxg4+ 27. Rxg4 Nd7 28. B@g3 
f5 29. P@f7+ Kxf7 30. Rxg7# 
{jtp forfeits on time} 1-0

[Event "fics rated crazyhouse match"]
[Site "fics, Oklahoma City, OK USA"]
[Date "2000.01.06"]
[White "jtp"]
[WhiteElo "2299"]
[Black "Thufir"]
[BlackElo "2311"]
[TimeControl "60+0"]
[Result "0-1"]

1. e4 e6 2. Nc3 Nc6 3. Nf3 Bb4 4. e5 d6 5. exd6 cxd6 6. d4 
Nf6 7. Bd3 P@e4 8. O-O exf3 9. Qxf3 Nxd4 10. Qg3 Bxc3 11. Qxg7 Rg8 
12. Qxg8+ Nxg8 13. R@g3 N@e2+ 14. Bxe2 Nxe2+ 15. Kh1 Nxg3+ 16. hxg3 P@f3 17. bxc3 
fxg2+ 18. Kxg2 P@h3+ 19. Kxh3 B@f5+ 20. P@g4 Q@h5+ 21. N@h4 Qxg4+ 22. Kh2 Qh3# 
{jtp resigns} 0-1

[Event "fics rated crazyhouse match"]
[Site "fics, Oklahoma City, OK USA"]
[Date "2000.01.06"]
[White "Thufir"]
[WhiteElo "2319"]
[Black "jtp"]
[BlackElo "2291"]
[TimeControl "60+0"]
[Result "1-0"]

1. e4 Nf6 2. Nc3 d5 3. exd5 Nxd5 4. d4 e6 5. Bd3 Bb4 6. Bd2 
P@a3 7. Nxd5 Bxd2+ 8. Qxd2 axb2 9. Rd1 Qxd5 10. N@e3 Qxa2 11. B@b3 Qa1 
12. Nf3 B@a5 13. P@c3 b1=Q 14. O-O N@f4 15. Rxb1 Qxb1 16. Rxb1 P@h3 17. gxh3 
P@g2 18. Nxg2 Nxh3+ 19. Kh1 Bxc3 20. Qe2 P@g4 21. Ne5 Bxd4 22. Nxg4 h5 
23. N4e3 Bxe3 24. Nxe3 P@g4 25. P@g6 R@f6 26. gxf7+ Ke7 27. B@h4 Nxf2+ 28. Qxf2 
P@f3 29. Bxf6+ gxf6 30. N@g6+ Kxf7 31. Q@e7+ Kg8 32. R@g7# 
{jtp checkmated} 1-0

[Event "fics rated crazyhouse match"]
[Site "fics, Oklahoma City, OK USA"]
[Date "2000.01.06"]
[White "jtp"]
[WhiteElo "2284"]
[Black "Thufir"]
[BlackElo "2326"]
[TimeControl "60+0"]
[Result "0-1"]

1. e4 e6 2. Nc3 d6 3. Nf3 Nf6 4. d4 Nc6 5. Bd3 Bd7 6. d5 
exd5 7. exd5 Qe7+ 8. Be3 Ne5 9. Nxe5 dxe5 10. N@b5 Bxb5 11. Bxb5+ P@d7 
12. B@g5 N@f4 13. Rg1 N@d6 14. Bxd7+ Qxd7 15. Bgxf4 exf4 16. Bxf4 Qe7+ 17. P@e5 
Nc4 18. N@f5 Nxb2 19. Nxe7 Nxd1 20. Rxd1 Bxe7 21. exf6 Bxf6 22. P@d7+ Kf8 
23. N@c8 Bxc3+ 24. P@d2 Q@e4+ 25. Q@e3 Qxe3+ 26. Bxe3 N@d3+ 27. cxd3 N@c2+ 28. Kf1 
Nxe3+ 29. fxe3 Q@f6+ 30. N@f4 g6 31. Q@e8+ Kg7 32. N@g4 P@e2+ 33. Kxe2 B@h5 
34. Qxh8+ Kxh8 35. d8=Q+ Qxd8 36. Nxh5 gxh5 37. P@h6 P@g7 38. B@f8 B@f6 39. hxg7+ 
Bxg7 40. N@g6+ fxg6 41. R@g8+ Kxg8 42. P@f7+ Kxf7 
{jtp forfeits on time} 0-1

[Event "fics rated crazyhouse match"]
[Site "fics, Oklahoma City, OK USA"]
[Date "2000.01.06"]
[White "Thufir"]
[WhiteElo "2333"]
[Black "jtp"]
[BlackElo "2277"]
[TimeControl "60+0"]
[Result "1-0"]

1. e4 Nf6 2. Nc3 d5 3. exd5 Nxd5 4. d4 e6 5. Nf3 Bb4 6. Bd2 
Qe7 7. Bd3 P@a3 8. Nxd5 exd5+ 9. P@e5 Bxd2+ 10. Qxd2 axb2 11. Rd1 B@c1 
12. Qe2 N@c3 13. N@h5 Nxe2 14. Nxg7+ Kd8 15. B@f6 Nc6 16. Bxe7+ Nxe7 17. P@f6 
B@b4+ 18. Kxe2 Bg4 19. fxe7+ Bxe7 20. Q@g3 Bxf3+ 21. gxf3 N@c3+ 22. Kf1 Nxd1 
23. B@f6 Bd2 24. Bxe7+ Kxe7 25. Qg4 R@e1+ 26. Kg2 Rxh1 27. B@f6+ Kf8 28. N@d7+ 
Kg8 29. Ne6+ R@g6 30. N@e7# 
{jtp checkmated} 1-0

[Event "fics rated crazyhouse match"]
[Site "fics, Oklahoma City, OK USA"]
[Date "2000.01.06"]
[White "jtp"]
[WhiteElo "2270"]
[Black "Thufir"]
[BlackElo "2340"]
[TimeControl "60+0"]
[Result "0-1"]

1. e4 e6 2. Nc3 d6 3. Nf3 Nc6 4. d4 Nf6 5. Bb5 Bd7 6. Bg5 
Be7 7. e5 dxe5 8. dxe5 Nd5 9. Bxe7 Ncxe7 10. Bxd7+ Qxd7 11. P@h6 P@e3 
12. hxg7 exf2+ 13. Kxf2 B@e3+ 14. Kf1 Rg8 15. Nxd5 B@c4+ 16. B@e2 Nxd5 17. Qxd5 
Bxe2+ 18. Kxe2 N@f4+ 19. Kxe3 Nxd5+ 20. Ke2 Nf4+ 21. Ke3 Q@e2+ 22. Kxf4 B@e3+ 
23. Kg3 Rxg7+ 24. P@g5 P@f4+ 25. Kh3 P@g4+ 26. Kxg4 Qxg2+ 27. B@g3 P@f5+ 28. Kh5 
O-O-O 29. B@f6 fxg3 30. Bxg7 B@g4+ 31. Kh6 Qh3+ 32. R@h4 Bxg5+ 33. Kxg5 Qg2 
34. N@f6 Bxf3 35. Nxd7 N@e4+ 36. Kh6 Kxd7 
{jtp forfeits on time} 0-1

[Event "fics rated crazyhouse match"]
[Site "fics, Oklahoma City, OK USA"]
[Date "2000.01.06"]
[White "Thufir"]
[WhiteElo "2346"]
[Black "jtp"]
[BlackElo "2264"]
[TimeControl "60+0"]
[Result "1-0"]

1. e4 Nf6 2. Nc3 d5 3. exd5 Nxd5 4. d4 e6 5. P@c4 Nxc3 6. bxc3 
P@b4 7. Bd2 Nc6 8. Nf3 N@e4 9. Bd3 Nxd2 10. Qxd2 bxc3 11. Qe2 B@h5 
12. O-O Bxf3 13. gxf3 N@h3+ 14. Kh1 P@g2+ 15. Kxg2 Nf4+ 16. Kg1 Nxe2+ 17. Bxe2 
Nxd4 18. B@d3 e5 19. P@e3 Nxe2+ 20. Bxe2 P@h3 21. N@e1 Be7 22. Rd1 B@d2 
23. N@d3 Bf5 24. e4 Be6 25. N@h5 Q@g6+ 26. N@g3 Bxe1 27. Rdxe1 N@f4 28. Ndxf4 
Bf5 29. exf5 exf4 30. fxg6 hxg6 31. Bd3 fxg3 32. fxg3 P@g2 33. Bxg6 gxf1=Q+ 
34. Kxf1 N@d2+ 35. Kf2 R@g2+ 36. Ke3 Nxc4+ 37. Kf4 N@d5+ 38. Kg4 fxg6 39. P@f7+ 
Kxf7 40. B@e6# 
{jtp forfeits on time} 1-0

[Event "fics rated crazyhouse match"]
[Site "fics, Oklahoma City, OK USA"]
[Date "2000.01.06"]
[White "jtp"]
[WhiteElo "2258"]
[Black "Thufir"]
[BlackElo "2352"]
[TimeControl "60+0"]
[Result "0-1"]

1. e4 e6 2. Nc3 d6 3. Nf3 Be7 4. d4 Nf6 5. Bd3 Nc6 6. e5 
dxe5 7. dxe5 Ng4 8. Qe2 O-O 9. Bxh7+ Kxh7 10. h4 B@h5 11. Ng5+ Kh8 
12. P@f3 Ngxe5 13. Bf4 Ng6 14. P@g3 Nd4 15. Qd3 P@c4 16. Qd2 Bxg5 17. hxg5 
Nxf4 18. gxf4 B@g6 19. Rd1 Nxc2+ 20. Qxc2 Bxc2 21. Rxh5+ P@h7 22. Rxd8 Rxd8 
23. Rxh7+ Bxh7 24. B@d2 R@g1+ 25. B@f1 N@d3+ 26. Ke2 Rxf1 27. Kxf1 R@h1+ 28. N@g1 
P@h2 29. N@h3 hxg1=Q+ 30. Nxg1 N@h2+ 31. Ke2 Q@f1+ 32. Ke3 B@d4# 
{jtp checkmated} 0-1

[Event "fics rated crazyhouse match"]
[Site "fics, Oklahoma City, OK USA"]
[Date "2000.01.06"]
[White "Thufir"]
[WhiteElo "2358"]
[Black "jtp"]
[BlackElo "2252"]
[TimeControl "60+0"]
[Result "1-0"]

1. e4 Nf6 2. Nc3 d5 3. exd5 Nxd5 4. d4 e6 5. Nf3 Bb4 6. Bd2 
Qe7 7. P@e4 P@a3 8. exd5 exd5+ 9. Ne5 axb2 10. Rb1 Bxc3 11. Bxc3 N@e4 
12. B@b4 P@d6 13. Be2 P@h3 14. Rg1 hxg2 15. N@h5 f6 16. Rxg2 fxe5 17. Nxg7+ 
Kd8 18. dxe5 N@h4 19. P@f6 Nxg2+ 20. Kf1 Qd7 21. P@e7+ Qxe7 22. fxe7+ Kxe7 
23. P@f6+ Kd7 24. Bb5+ Nc6 25. Q@e7# 
{jtp checkmated} 1-0

[Event "fics rated crazyhouse match"]
[Site "fics, Oklahoma City, OK USA"]
[Date "2000.01.06"]
[White "jtp"]
[WhiteElo "2246"]
[Black "Thufir"]
[BlackElo "2364"]
[TimeControl "60+0"]
[Result "0-1"]

1. e4 e6 2. Nc3 Nc6 3. Nf3 Nf6 4. d4 Bb4 5. Bb5 Nxe4 6. Bxc6 
bxc6 7. N@h5 B@f8 8. O-O Bxc3 9. bxc3 Nxc3 10. Qd3 P@e4 11. Qxc3 N@e2+ 
12. Kh1 Nxc3 13. Ne5 P@f3 14. B@h3 Q@e2 15. Be3 fxg2+ 16. Bxg2 Qxh5 17. N@f4 
Qhh4 18. P@g3 Qhe7 19. Bd2 P@f3 20. Nxf3 exf3 21. Bxf3 Nd5 22. c4 Nxf4 
23. Bxf4 N@g6 24. Be3 d6 25. P@h5 N@c2 26. Bd2 Nxd4 27. Bg2 P@f3 28. Bh3 
Ne5 29. Rfe1 Nxc4 30. Bc3 P@g2+ 31. Bxg2 fxg2+ 32. Kxg2 B@f3+ 33. Kh3 N@g5+ 
34. Kh4 Ne4+ 35. Kh3 Nxf2# 
{jtp checkmated} 0-1

[Event "fics rated crazyhouse match"]
[Site "fics, Oklahoma City, OK USA"]
[Date "2000.01.06"]
[White "Thufir"]
[WhiteElo "2369"]
[Black "jtp"]
[BlackElo "2241"]
[TimeControl "60+0"]
[Result "1-0"]

1. e4 Nf6 2. Nc3 d5 3. exd5 Nxd5 4. d4 e6 5. P@e4 Nxc3 6. bxc3 
P@b4 7. Bb5+ Bd7 8. Bxd7+ Qxd7 9. N@e5 Qd8 10. B@d2 Nc6 11. Nxc6 bxc6 
12. N@e5 B@a5 13. Nxc6 bxc3 14. Nxd8 Rxd8 15. Q@b5+ N@d7 16. Qxa5 cxd2+ 17. Bxd2 
B@b6 18. Qa4 N@b2 19. Qb5 Nxd1 20. Rxd1 Bxd4 21. B@f3 Bxf2+ 22. Kxf2 Bc5+ 
23. P@e3 P@d4 24. B@f4 dxe3+ 25. Bdxe3 P@d4 26. Bxd4 Bxd4+ 27. Rxd4 B@c5 28. B@e3 
Bxd4 29. Bxd4 R@a1 30. B@d1 Rxd1 31. Bxd1 B@h4+ 32. P@g3 N@d6 33. Bxd6 cxd6 
34. N@c7+ Ke7 35. gxh4 Q@f4+ 36. N@f3 Qxe4 37. P@f6+ gxf6 38. B@d3 Qxd4+ 39. Nxd4 
B@f4 40. Nd5+ exd5 41. Nf5+ Kf8 42. Q@g7# 
{jtp forfeits on time} 1-0

[Event "fics rated crazyhouse match"]
[Site "fics, Oklahoma City, OK USA"]
[Date "2000.01.06"]
[White "jtp"]
[WhiteElo "2236"]
[Black "Thufir"]
[BlackElo "2374"]
[TimeControl "60+0"]
[Result "0-1"]

1. e4 e6 2. d4 Nc6 3. Nc3 Nf6 4. e5 Nd5 5. Nxd5 exd5 6. Nf3 
d6 7. Bb5 Bd7 8. exd6 cxd6 9. Qe2+ P@e4 10. Bg5 Be7 11. N@h5 Rg8 
12. Bxe7 Qxe7 13. B@h4 f6 14. Bxc6 Bxc6 15. Bxf6 B@a5+ 16. P@c3 gxf6 17. Nxf6+ 
Qxf6 18. P@e5 exf3 19. exf6+ Kd7 20. Qe7+ Kc8 21. P@f7 Rd8 22. f8=Q B@b6 
23. Q@e6+ B@d7 24. Q6xd6 fxg2 25. Qdxd7+ Bxd7 26. Qxd7+ Kxd7 27. B@h3+ Kc7 28. B@e5+ 
P@d6 29. N@b5+ Kc6 30. Qxd8 Rxd8 31. Bxd6 gxh1=Q+ 32. Ke2 Qe4+ 33. R@e3 Q@f3+ 
34. Kd2 N@c4+ 35. Kc1 Q@d2+ 36. Kb1 Qfd1# 
{jtp checkmated} 0-1

[Event "fics rated crazyhouse match"]
[Site "fics, Oklahoma City, OK USA"]
[Date "2000.01.06"]
[White "Thufir"]
[WhiteElo "2379"]
[Black "jtp"]
[BlackElo "2231"]
[TimeControl "60+0"]
[Result "0-1"]

1. e4 Nf6 2. Nc3 d5 3. exd5 Nxd5 4. d4 e6 5. Nf3 Bb4 6. Bd2 
P@a3 7. Nxd5 Bxd2+ 8. Nxd2 axb2 9. Rb1 Qxd5 10. N@f3 N@c3 11. Bc4 Nxd1 
12. Bxd5 exd5 13. Rxd1 B@a6 14. Q@e3+ P@e4 15. Ne5 Q@e6 16. N@g5 B@h6 17. P@f4 
Bxg5 18. fxg5 N@f5 19. Qb3 Nxd4 20. Qa4+ Nbc6 21. Nxc6 Nxc6 22. N@d4 N@f4 
23. B@b5 Bxb5 24. Qxb5 Nxg2+ 25. Kf1 B@h3 26. Nxe6 Bcxe6 27. Kg1 Nf4 28. Nxe4 
N@e2+ 29. Qxe2 Nxe2# 
{Thufir checkmated} 0-1

[Event "fics rated crazyhouse match"]
[Site "fics, Oklahoma City, OK USA"]
[Date "2000.01.06"]
[White "Gobi"]
[WhiteElo "2345"]
[Black "roboRPETE"]
[BlackElo "2330"]
[TimeControl "0+1"]
[Result "0-1"]

1. e4 e6 2. Nc3 d6 3. Nf3 Nc6 4. d4 Nf6 5. d5 exd5 6. exd5 
Qe7+ 7. Qe2 P@e4 8. dxc6 exf3 9. P@d7+ Bxd7 10. cxd7+ Kd8 11. gxf3 Qxe2+ 
12. Bxe2 Q@g2 13. Q@g1 Qxg1+ 14. Rxg1 N@d4 15. B@a4 Nxd7 16. Q@h4+ Q@f6 17. Qxf6+ 
Nxf6 
{Gobi forfeits on time} 0-1

[Event "fics rated crazyhouse match"]
[Site "fics, Oklahoma City, OK USA"]
[Date "2000.01.06"]
[White "roboRPETE"]
[WhiteElo "2338"]
[Black "Gobi"]
[BlackElo "2337"]
[TimeControl "0+1"]
[Result "0-1"]

1. e4 d6 2. Bb5+ c6 3. Bd3 e5 4. Nc3 Be7 5. Nf3 Nf6 6. Be2 
O-O 7. d4 Bg4 8. Be3 Bxf3 9. gxf3 Nbd7 10. B@c4 N@f4 11. Bxf4 exf4 
12. N@g2 B@h6 13. Rf1 Nb6 14. d5 c5 15. Bb5 a6 16. Ba4 Nxa4 17. Nxa4 
B@e5 18. N@f5 Nd7 19. Nxh6+ gxh6 20. B@c3 B7f6 21. Bxe5 Bxe5 22. B@c3 B@g7 
23. Bxe5 Bxe5 24. B@c3 B@g7 25. Bxe5 Bxe5 26. B@c3 B@b4 27. Bxb4 cxb4 28. B@h4 
B@g5 29. Bxg5 Qxg5 30. B@g4 h5 31. h4 Qg6 32. Nxf4 Bxf4 33. Bh3 N@g2+ 
34. Bxg2 B@d2+ 35. Qxd2 Bxd2+ 36. Kxd2 Qxg2 37. N@h6+ Kh8 38. B@d4+ N@e5 39. Nxf7+ 
Rxf7 
{roboRPETE forfeits on time} 0-1

[Event "fics rated crazyhouse match"]
[Site "fics, Oklahoma City, OK USA"]
[Date "2000.01.06"]
[White "jtp"]
[WhiteElo "2242"]
[Black "Gobi"]
[BlackElo "2345"]
[TimeControl "180+0"]
[Result "0-1"]

1. e4 e5 2. Nf3 Nc6 3. Bc4 Bc5 4. c3 Nf6 5. d4 exd4 6. cxd4 
Bxd4 7. O-O P@e5 8. Bg5 d6 9. Nc3 Bg4 10. h3 Bxf3 11. Qxf3 P@e7 
12. Bxf6 exf6 13. N@h5 B@h6 14. B@c1 N@f4 15. Bxf4 exf4 16. Bxf7+ Kxf7 17. P@f5 
Ne5 18. Qd1 B@b6 19. N@e6 Bxf2+ 20. Rxf2 Bxf2+ 21. Kxf2 B@e3+ 22. Kf1 R@g1+ 
23. Ke2 Rxg2+ 24. Kf1 Rg1+ 25. Ke2 P@f3# 
{jtp checkmated} 0-1

[Event "fics rated crazyhouse match"]
[Site "fics, Oklahoma City, OK USA"]
[Date "2000.01.06"]
[White "jtp"]
[WhiteElo "2247"]
[Black "Gobi"]
[BlackElo "2340"]
[TimeControl "180+0"]
[Result "0-1"]

1. e4 e6 2. Nc3 Nc6 3. Nf3 Nf6 4. Bb5 Bb4 5. e5 Ng4 6. Bxc6 
bxc6 7. N@h5 Rg8 8. Qe2 B@g6 9. Nxg7+ Rxg7 10. d4 N@e4 11. O-O Bxc3 
12. bxc3 Nxc3 13. Qe1 Ba6 14. Bg5 P@e7 15. B@h3 Bh5 16. Bxg4 Bxg4 17. P@f6 
exf6 18. exf6 Bxf3 19. P@e7 N@h3+ 20. Kh1 Bxg2+ 21. Kxg2 Rxg5+ 22. B@g3 N@f4+ 
23. Kf3 B@g4+ 24. Ke3 Ncd5+ 25. Kd2 B@c3+ 26. Kc1 P@b2+ 27. Kb1 bxa1=Q# 
{jtp checkmated} 0-1

[Event "fics rated crazyhouse match"]
[Site "fics, Oklahoma City, OK USA"]
[Date "2000.01.06"]
[White "Gobi"]
[WhiteElo "2346"]
[Black "jtp"]
[BlackElo "2241"]
[TimeControl "180+0"]
[Result "0-1"]

1. Nf3 e6 2. e4 Nf6 3. e5 Ne4 4. d4 d6 5. Bd3 Nxf2 6. Kxf2 
Nc6 7. Re1 dxe5 8. dxe5 Bc5+ 9. Kf1 P@c4 10. Bg5 cxd3 11. cxd3 f6 
12. exf6 gxf6 13. P@g7 Rg8 14. Bxf6 Qxf6 15. N@e4 Qxg7 16. P@g5 P@g4 17. Nxc5 
gxf3 18. Qxf3 N@d4 19. Nxe6 Bxe6 20. Rxe6+ Nxe6 21. Nc3 R@f4 22. Qxf4 Nxf4 
23. Re1+ P@e2+ 24. Nxe2 N@d2+ 25. Kg1 B@b6+ 26. P@f2 Nxe2+ 27. Rxe2+ P@e3 28. N@f6+ 
Qxf6 29. gxf6 Q@f1# 
{Gobi checkmated} 0-1

[Event "fics rated crazyhouse match"]
[Site "fics, Oklahoma City, OK USA"]
[Date "2000.01.06"]
[White "jtp"]
[WhiteElo "2251"]
[Black "Gobi"]
[BlackElo "2336"]
[TimeControl "180+0"]
[Result "1-0"]

1. e4 b6 2. d4 Bb7 3. Nc3 Nf6 4. Bd3 e6 5. Nf3 a6 6. Qe2 
Be7 7. e5 Ng4 8. h3 Nxe5 9. dxe5 P@g6 10. Bf4 d5 11. exd6 cxd6 
12. P@h6 gxh6 13. Bxh6 Rg8 14. Rd1 Nd7 15. Be4 Bxe4 16. Nxe4 B@e5 17. P@d4 
Bh8 18. d5 exd5 19. Nxd6# 
{Gobi checkmated} 1-0

[Event "fics rated crazyhouse match"]
[Site "fics, Oklahoma City, OK USA"]
[Date "2000.01.06"]
[White "Gobi"]
[WhiteElo "2326"]
[Black "jtp"]
[BlackElo "2261"]
[TimeControl "180+0"]
[Result "1-0"]

1. e4 Nf6 2. e5 Ne4 3. d3 Nxf2 4. Kxf2 Nc6 5. Bf4 d6 6. exd6 
cxd6 7. c3 e5 8. Bc1 d5 9. Be2 Bc5+ 10. Kf1 Bxg1 11. Kxg1 P@h3 
12. N@h5 Rg8 13. B@g5 f6 14. Bh4 hxg2 15. Kxg2 P@h3+ 16. Kf2 P@g2 17. Rg1 
N@f5 18. Bg3 Qb6+ 19. P@e3 d4 20. exd4 exd4 21. c4 P@e3+ 22. Kf3 Nxg3 
23. Nxg3 Ne5+ 24. Ke4 B@f2 25. N@d5 Qd6 26. Qa4+ Bd7 27. Qa5 Bxg3 28. hxg3 
f5+ 29. Kxd4 N@c6+ 30. Kc3 Nxa5 31. B@b4 Qxb4+ 32. Nxb4 B@d4+ 33. Kc2 Naxc4 
34. dxc4 Q@c5 35. P@d5 
{jtp forfeits on time} 1-0

[Event "fics rated crazyhouse match"]
[Site "fics, Oklahoma City, OK USA"]
[Date "2000.01.06"]
[White "jtp"]
[WhiteElo "2254"]
[Black "Gobi"]
[BlackElo "2333"]
[TimeControl "180+0"]
[Result "0-1"]

1. e4 Nc6 2. Nf3 e6 3. Nc3 Nf6 4. e5 Ng4 5. d4 d6 6. exd6 
cxd6 7. Bd3 Be7 8. Qe2 Bd7 9. h3 Nf6 10. P@h6 Rg8 11. d5 Nb4 
12. dxe6 Bxe6 13. hxg7 Rxg7 14. P@g5 Nxd3+ 15. cxd3 Nd7 16. P@h6 Rg6 17. N@g7+ 
Kf8 18. Nxe6+ Rxe6 19. B@g7+ Ke8 20. Qxe6 fxe6 21. O-O B@c6 22. R@h8+ N@f8 
23. Ne4 Q@f5 24. Re1 P@f4 25. Bxf8 Nxf8 26. N@g7+ Kd7 27. Nxf5 exf5 28. Bxf4 
fxe4 29. dxe4 N@g6 30. P@d5 Nxf4 31. Q@f5+ P@e6 32. Qxf4 exd5 33. Qg4+ B@e6 
34. P@f5 dxe4 35. fxe6+ Kc7 36. Nd4 P@f3 37. N@b5+ Bxb5 
{jtp forfeits on time} 0-1

[Event "fics rated crazyhouse match"]
[Site "fics, Oklahoma City, OK USA"]
[Date "2000.01.06"]
[White "Fredde"]
[WhiteElo "2073"]
[Black "LSS"]
[BlackElo "2374"]
[TimeControl "180+0"]
[Result "1-0"]

1. e4 e6 2. Nc3 d5 3. exd5 exd5 4. Nf3 d4 5. Ne4 Bf5 6. Ng3 
Bg4 7. Be2 Nc6 8. O-O Be6 9. P@f5 Bd5 10. Bb5 Be7 11. Ne5 P@d7 
12. Bxc6 bxc6 13. Nh5 Bf6 14. f4 d6 15. Ng4 Bxg2 16. Kxg2 B@d5+ 17. B@f3 
Bxf3+ 18. Rxf3 B@d5 19. Ngxf6+ Nxf6 20. Nxg7+ Ke7 21. Qe2+ P@e4 22. P@g5 N@h4+ 
23. Kh3 Nxf3 24. gxf6+ Kd7 25. B@e6+ fxe6 26. fxe6+ Bxe6+ 27. Nxe6 B@f5+ 28. P@g4 
Ng1+ 29. Kg2 Nxe2 30. N@c5+ dxc5 31. Nxc5+ Ke8 32. N@g7+ Kf7 33. B@h5+ P@g6 
34. B@c4+ Kxf6 35. g5+ Kxg7 36. P@f6+ Kf8 37. Bcxe2 
{LSS forfeits on time} 1-0

[Event "fics rated crazyhouse match"]
[Site "fics, Oklahoma City, OK USA"]
[Date "2000.01.06"]
[White "LSS"]
[WhiteElo "2360"]
[Black "Fredde"]
[BlackElo "2088"]
[TimeControl "180+0"]
[Result "1-0"]

1. e4 Nf6 2. e5 Ne4 3. d3 Nc5 4. d4 Ne4 5. Nc3 d5 6. Nxe4 
dxe4 7. Ne2 Nc6 8. Be3 N@g4 9. Ng3 Nxe3 10. fxe3 e6 11. Nxe4 Be7 
12. N@h5 B@h6 13. Qd2 Nxe5 14. dxe5 Qxd2+ 15. Kxd2 Bxe3+ 16. Kxe3 Q@h6+ 17. N@f4 
O-O 18. P@f6 gxf6 19. exf6 P@e5 20. fxe7 exf4+ 21. Nxf4 N@d5+ 22. Kd4 Nxe7 
23. N@f6+ Kh8 24. P@g5 Qg6 25. Nxg6+ Nxg6 26. P@g7+ Kxg7 27. Q@h6+ Kh8 28. Qxh7# 
{Fredde checkmated} 1-0

[Event "fics rated crazyhouse match"]
[Site "fics, Oklahoma City, OK USA"]
[Date "2000.01.06"]
[White "Fredde"]
[WhiteElo "2085"]
[Black "LSS"]
[BlackElo "2363"]
[TimeControl "180+0"]
[Result "0-1"]

1. e4 e6 2. Nc3 Nc6 3. d4 Nf6 4. Bg5 Be7 5. Nge2 d5 6. exd5 
Nxd5 7. Bxe7 Qxe7 8. P@e4 P@e3 9. fxe3 Nxe3 10. Qd3 Nb4 11. Qxe3 Nxc2+ 
12. Kd2 Nxe3 13. Kxe3 P@g5 14. P@g3 B@b6 15. N@d3 e5 16. B@a4+ P@c6 17. N@c2 
exd4+ 18. Ncxd4 Bxd4+ 19. Nxd4 N@c4+ 20. Kf3 Q@e3# 
{Fredde checkmated} 0-1

[Event "fics rated crazyhouse match"]
[Site "fics, Oklahoma City, OK USA"]
[Date "2000.01.06"]
[White "LSS"]
[WhiteElo "2366"]
[Black "Fredde"]
[BlackElo "2082"]
[TimeControl "180+0"]
[Result "1-0"]

1. e4 e5 2. Bc4 d6 3. Nf3 Be7 4. d4 exd4 5. Nxd4 c6 6. P@e6 
fxe6 7. Nxe6 Bxe6 8. Bxe6 P@f7 9. Bxf7+ Kxf7 10. B@b3+ P@e6 11. P@f5 B@c8 
12. fxe6+ Bxe6 13. Bxe6+ Kxe6 14. Qg4+ Kf7 15. B@e6+ Kf8 16. Bxg8 Kxg8 17. P@h6 
B@a5+ 18. Nc3 B@f6 19. hxg7 Bxg7 20. P@h6 Bf6 21. hxg7 Bxg7 22. B@e6+ P@f7 
23. P@h6 N@e8 24. hxg7 Nxg7 25. B@h6 P@g6 26. Bxg7 Kxg7 27. N@f5+ Kf8 28. Bh6+ 
Kg8 29. N@e7+ Qxe7 30. Nxe7# 
{Fredde checkmated} 1-0

[Event "fics rated crazyhouse match"]
[Site "fics, Oklahoma City, OK USA"]
[Date "2000.01.06"]
[White "Fredde"]
[WhiteElo "2079"]
[Black "LSS"]
[BlackElo "2369"]
[TimeControl "180+0"]
[Result "0-1"]

1. d4 e6 2. Nf3 b6 3. Nc3 Bb7 4. e4 Bb4 5. d5 exd5 6. exd5 
Qe7+ 7. Be2 Bxc3+ 8. bxc3 N@e4 9. B@e5 Ngf6 10. P@d3 Nxf2 11. Kxf2 Ng4+ 
12. Kf1 Nxe5 13. Bg5 P@f6 14. Nxe5 Qxe5 15. N@f3 Qxc3 16. N@e4 Qa5 17. Bd2 
Qxd5 18. c4 Qe6 19. Nd4 Qe5 20. Nf3 Qe7 21. Qc2 B@e6 22. Nd4 N@h4 
23. Rg1 P@h3 24. gxh3 Bxh3+ 25. Ke1 Bxe4 26. dxe4 N@g2+ 27. Rxg2 Nxg2+ 28. Kd1 
P@f2 29. N@g3 R@g1+ 30. B@f1 P@a3 31. Rb1 Nc6 32. Nf3 P@e3 33. Nxg1 fxg1=Q 
34. Bxe3 Nxe3+ 35. Kd2 Nxf1+ 36. Rxf1 B@e3+ 37. Kd1 N@f2+ 38. Ke1 B@d2+ 39. Qxd2 
Bxd2+ 40. Kxd2 Nxe4# 
{Fredde forfeits on time} 0-1

[Event "fics rated crazyhouse match"]
[Site "fics, Oklahoma City, OK USA"]
[Date "2000.01.06"]
[White "dovijanic"]
[WhiteElo "2214"]
[Black "pminear"]
[BlackElo "2327"]
[TimeControl "180+0"]
[Result "0-1"]

1. e4 e5 2. Nc3 Nc6 3. Bc4 Nf6 4. Nf3 Bc5 5. O-O d6 6. h3 
Be6 7. Bxe6 fxe6 8. Ng5 Nd4 9. B@f7+ Kd7 10. Nxe6 Nxe6 11. Bxe6+ Kxe6 
12. N@g5+ Ke7 13. Nd5+ Nxd5 14. exd5 B@g6 15. Ne6 Qg8 16. Nxc5 Qxd5 17. B@e4 
Bxe4 18. Nxe4 Qxe4 19. B@f3 Qg6 20. d4 P@e4 21. Bg4 exd4 22. N@d5+ Ke8 
23. Nxc7+ Kf8 24. Nxa8 B@e8 25. R@f4+ P@f6 26. P@h5 Qg5 27. Rxe4 Qb5 28. Rxe8+ 
Qxe8 29. Nc7 Qe5 30. Ne6+ Ke7 31. B@f4 Qa5 32. Nxd4 B@e5 33. Nf5+ Kd7 
{dovijanic forfeits on time} 0-1

[Event "fics rated crazyhouse match"]
[Site "fics, Oklahoma City, OK USA"]
[Date "2000.01.06"]
[White "pminear"]
[WhiteElo "2333"]
[Black "dovijanic"]
[BlackElo "2209"]
[TimeControl "180+0"]
[Result "1-0"]

1. e4 e6 2. Nc3 Nc6 3. d4 Nf6 4. e5 Ng8 5. Qg4 h5 6. Qg3 
Nxd4 7. Bd3 P@c4 8. Be4 Nh6 9. Bg5 Qxg5 10. Qxg5 B@e7 11. Qxh5 g6 
12. Qd1 Nc6 13. Bxc6 bxc6 14. N@f6+ Bxf6 15. exf6 B@e5 16. P@e7 Bxe7 17. fxe7 
Kxe7 18. B@g5+ P@f6 19. Q@g7 Rg8 20. Qxh6 fxg5 21. Qxg5+ B@f6 22. B@b4+ d6 
23. Qgd2 a5 24. P@g5 Bxg5 25. Qxg5+ P@f6 26. Bxd6+ cxd6 27. P@h7 fxg5 28. hxg8=Q 
Bb7 29. R@c7+ B@d7 30. Rxd7+ Kxd7 31. Qxf7+ R@e7 32. N@c5# 
{dovijanic forfeits on time} 1-0

[Event "fics rated crazyhouse match"]
[Site "fics, Oklahoma City, OK USA"]
[Date "2000.01.06"]
[White "LSS"]
[WhiteElo "2372"]
[Black "Firefly"]
[BlackElo "2475"]
[TimeControl "180+0"]
[Result "0-1"]

1. e4 e6 2. d4 Nc6 3. Nf3 Nf6 4. Bd3 d5 5. e5 Ne4 6. O-O 
Be7 7. c3 f5 8. exf6 Bxf6 9. Nbd2 Nxd2 10. Bxd2 P@e4 11. P@f7+ Kf8 
12. Be2 exf3 13. Bxf3 N@f5 14. P@g4 Nh4 15. N@h5 Nxf3+ 16. Qxf3 B@e4 17. Qh3 
e5 18. Nxf6 Qxf6 19. B@h4 Qxf7 20. N@g5 Qe8 21. Nxe4 dxe4 22. dxe5 Nxe5 
23. P@h6 gxh6 24. Bxh6+ P@g7 25. P@e7+ Kg8 26. Bxg7 N@f3+ 27. Kh1 Kxg7 28. B@f6+ 
Kf7 29. Bxe5 Nxe5 30. N@h6+ Ke6 31. g5+ Kd6 32. Rad1+ P@d3 33. Qg3 P@e2 
34. P@d4 B@g7 35. dxe5+ Kc6 36. N@d4+ Kb6 37. a4 Qxa4 
{LSS forfeits on time} 0-1